AoeStats
← Andrew Geek

Arena

508673522Analyzed
1v1 RM · 8d ago on Sep 23, 2026· 31m 59s· 2 players
Game mode
Random Map
Map size
Tiny (2 player)
Population
200
Speed
Normal
Resources
Standard
Victory
Conquest
Starting age
Dark Age
Ending age
Imperial Age
RankedLock teamsTeams togetherTeam positionsShared explorationLock speedFull tech treeHidden civsTurbo modeCheats
Victory
Defeat
🇹🇼 Cumans · Taiwan
1333
+14
🇨🇴 Celts · Colombia
1295
-14
Andrew Geek
9:32 Feudal Age
10:36 Loom
14:37 Castle Age
13:13 Double-Bit Axe
14:14 Horse Collar
21:17 Pikeman
27:35 Wheelbarrow
28:31 Heavy Plow
28:40 Town Watch
29:07 Bow Saw
33:00 Imperial Age
hello
2:53 Loom
8:59 Feudal Age
9:41 Double-Bit Axe
9:40 Horse Collar
15:51 Wheelbarrow
19:30 Castle Age
18:09 Scale Barding Armor
20:54 Forging
20:16 Light Cavalry
21:14 Bow Saw
21:06 Heavy Plow
22:26 Loom
24:47 Hand Cart
24:45 Gold Mining
24:45 Stone Mining
27:35 Gold Shaft Mining
27:27 Bloodlines
28:54 Chain Barding Armor
29:10 Iron Casting
32:23 Imperial Age
29:33 Capped Ram
31:03 Steppe Husbandry
Connection lost

Rejoining the realm…

Still unreachable

The connection could not be restored.

Session expired

The server has moved on; the page needs a fresh start.